 Dungeon Crawl Stone Soup version 0.19-a0-854-gc78d25d (webtiles) character file.

18 Implojin the Ruffian (level 2, -1/29 HPs)
             Began as a Troll Fighter on July 1, 2016.
             Slain by an ice beast (11 damage)
             ... on level 3 of the Dungeon.
             The game lasted 00:01:01 (278 turns).

Implojin the Ruffian (Troll Fighter)                 Turns: 278, Time: 00:01:01

Health: -1/29      AC:  5    Str: 23    XL:     2   Next: 48%
Magic:  1/1        EV:  8    Int:  4    God:
Gold:   6          SH:  8    Dex:  9    Spells: 0 memorised, 1 level left

rFire  . . .     SeeInvis .       - Unarmed
rCold  . . .     Gourm    +     a - +0 robe
rNeg   . . .     Faith    .     b - +0 shield
rPois  .         Spirit   .     (helmet restricted)
rElec  .         Dismiss  .     (no cloak)
rCorr  .         Reflect  .     (gloves unavailable)
SustAt .         Harm     .     (boots unavailable)
MR     .....                    (no amulet)
Stlth  +.........               (no ring)
                                (no ring)

@: not resistant to hostile enchantments, very unstealthy
A: unfitting armour, claws 3, fast metabolism 3, gourmand, regeneration 2,
shaggy fur 1, tough skin 2
a: no special abilities


You were on level 3 of the Dungeon.
You were not hungry.

You visited 1 branch of the dungeon, and saw 3 of its levels.

You collected 6 gold pieces.

Inventory:

Armour
 a - a +0 robe (worn)
 b - a +0 shield (worn)
Scrolls
 e - a scroll of remove curse {unknown}
 g - a scroll of identify {unknown}
Potions
 c - a potion of might
 f - a potion of ambrosia {unknown}
 h - 2 potions of curing {unknown}
Comestibles
 d - 4 bread rations


   Skills:
 - Level 2.4 Fighting
 - Level 2.4 Dodging
 - Level 2.4 Shields
 * Level 3.1 Unarmed Combat


You had one spell level left.
You didn't know any spells.

Dungeon Overview and Level Annotations

Branches:
Dungeon (3/15)

Altars:


Innate Abilities, Weirdness & Mutations

You are too large for most types of armour.
You have claws for hands.
Your metabolism is lightning-fast.
You like to eat raw meat.
You heal very quickly.
You are covered in fur. (AC +1)
You have very tough skin. (AC +2)


Message History

You scratch the ice beast but do no damage.
The ice beast hits you but does no damage.
You claw the ice beast!
The ice beast is heavily wounded.
The ice beast hits you. The ice beast freezes you!
* * * LOW HITPOINT WARNING * * *
Unknown command.
You scratch the ice beast but do no damage.
The ice beast is heavily wounded.
You block the ice beast's attack.
You scratch the ice beast.
The ice beast is heavily wounded.
The ice beast hits you but does no damage.
You scratch the ice beast.
The ice beast is severely wounded.
The ice beast hits you.
* * * LOW HITPOINT WARNING * * *
The ice beast freezes you!
* * * LOW HITPOINT WARNING * * *
You closely miss the ice beast.
The ice beast is severely wounded.
The ice beast barely misses you.
You scratch the ice beast but do no damage.
The ice beast is severely wounded.
You block the ice beast's attack.
You claw the ice beast!
The ice beast is almost dead.
The ice beast barely misses you.
You closely miss the ice beast.
The ice beast is almost dead.
The ice beast closely misses you.
You scratch the ice beast but do no damage.
The ice beast is almost dead.
You block the ice beast's attack.
You scratch the ice beast but do no damage.
The ice beast is almost dead.
The ice beast hits you.
* * * LOW HITPOINT WARNING * * *
The ice beast freezes you!
You die...

..# #.# #.# #.# #.# #.#
#########.#
........#.######
..........@Y...+
######.#.######
..#.#.#####
####.#.#.#...#
..#.#.#.#.#.#######
#.#.#.............#
#.#...#.#.#.#####.#
#...#.#.#.#.#...#.#
#.######.#.#.#.#.......#


You could see an ice beast.

Vanquished Creatures
  An adder (D:2)
  A worm (D:2)
  A giant gecko (D:2)
  A bat (D:2)
  A giant newt (D:2)
  A goblin (D:1)
  2 rats (D:2)
8 creatures vanquished.

Notes
Turn   | Place    | Note
-------+----------+-------------------------------------------
     0 | D:1      | Implojin the Troll Fighter began the quest for the Orb.
     0 | D:1      | Reached XP level 1. HP: 22/22 MP: 0/0
    65 | D:2      | HP: 1/22 [worm (9)]
   179 | D:2      | Reached XP level 2. HP: 29/29 MP: 1/1
   197 | D:2      | Reached skill level 3 in Unarmed Combat
   262 | D:3      | Noticed an ice beast
   278 | D:3      | Slain by an ice beast

Vault maps used:
D:1:      lightli_arrival_maybe_door_vault
D:2:      grunt_temple_overflow_open
D:3:      kennysheep_small_spiral

Skill      XL: |  1  2 |
---------------+-------+-----
Unarmed Combat | 3 |  3.1
Fighting       | |  2.4
Dodging        | |  2.4
Shields        | |  2.4

Action                   || total
-------------------------++-------
Melee: Unarmed           ||    39
  Eat: Chunk             ||     1
Armor: Robe              ||    11
Dodge: Dodged            ||    14
Block: Shield            ||    14

Table legend:
 A = Turns spent in this place as a percentage of turns spent in the entire game.
 B = Non-inter-level travel turns spent in this place as a percentage of non-inter-level travel turns spent in the entire game.
 C = Inter-level travel turns spent in this place as a percentage of turns spent in this place.
 D = Turns resting spent in this place as a percentage of non-inter-level travel turns spent in this place.
 E = Turns spent auto-exploring this place as a percentage of non-inter-level travel turns spent in this place.
 F = Non-inter-level travel turns spent in this place divided by the number of levels of this place that you've seen.
                   A       B       C       D       E      F
               +-------+-------+-------+-------+-------+----------------------
         Total | 100.0 | 100.0 |   0.0 |   0.0 |   0.0 |  82.3
       Dungeon | 100.0 | 100.0 |   0.0 |   0.0 |   0.0 |  82.3
               +-------+-------+-------+-------+-------+----------------------

Table legend:
 A = Kills in this place as a percentage of kills in entire the game.
 B = Kills by you in this place as a percentage of kills by you in the entire game.
 C = Kills by friends in this place as a percentage of kills by friends in the entire game.
 D = Other kills in this place as a percentage of other kills in the entire game.
 E = Experience gained in this place as a percentage of experience gained in the entire game.
 F = Experience gained in this place divided by the number of levels of this place that you have seen.
                   A       B       C       D       E      F
               +-------+-------+-------+-------+-------+----------------------
         Total | 100.0 | 100.0 |  -nan |  -nan | 100.0 |   8.7
       Dungeon | 100.0 | 100.0 |  -nan |  -nan | 100.0 |   8.7
               +-------+-------+-------+-------+-------+----------------------
